 Dungeon Crawl Stone Soup version 0.32-a0-768-g0f6f1dd4b9 (webtiles) character file.

Game seed: 8648760266514654131

485 Hubris850 the Ruffian (level 6, -2/51 HPs)
             Began as a Draconian Shapeshifter on Mar 18, 2024.
             Was an Initiate of Ru.
             Killed by an exploding jackal (13 damage)
             ... ignited by their inner flame
             ... on level 4 of the Dungeon.
             The game lasted 00:12:34 (3443 turns).

Hubris850 the Ruffian (Draconian Shapeshifter)      Turns: 3443, Time: 00:12:34

Health: -2/51      AC: 11    Str: 16    XL:     6   Next: 88%
Magic:  6/6        EV: 12    Int:  9    God:    Ru [......]
Gold:   1018       SH:  0    Dex: 12    Spells: 5/5 levels left

rFire   + .          .
                       - Unarmed
rCold   . . .        (no shield)
rNeg    . . .        (body armour unavailable)
rPois   .            (helmet restricted)
rElec   .            i - +2 cloak
rCorr   .            g - +1 pair of gloves
SInv    .            (no boots)
Will    .....        q - amulet of magic regeneration
Stlth   +            n - ring of flight
HPRegen 0.28/turn    o - ring of protection from fire
MPRegen 0.50/turn

%: no passive effects
@: flying
A: AC +6, unfitting armour, cold-blooded, horns 1, dopey 1
a: Renounce Religion


You were on level 4 of the Dungeon.
You worshipped Ru.
Ru was noncommittal.
You visited 1 branch of the dungeon, and saw 4 of its levels.

You collected 1018 gold pieces.

Inventory:

Hand Weapons
 l - a +2 quarterstaff of chaos
Missiles
 f - a throwing net (quivered)
 r - 2 poisoned darts
Armour
 g - a +1 pair of gloves (worn)
 i - a +2 cloak (worn)
Jewellery
 k - a ring of ice
 n - a ring of flight (left hand)
 o - a ring of protection from fire (right hand)
 q - an amulet of magic regeneration (around neck)
Talismans
 b - a beast talisman
 c - a flux talisman
Wands
 a - a wand of flame (6)
Scrolls
 h - 4 scrolls of identify
 j - a scroll of poison
 m - 2 scrolls of teleportation
 s - a scroll of fog
 x - a scroll of blinking {unknown}
Potions
 d - 2 potions of brilliance
 t - 2 potions of berserk rage {unknown}
 v - a potion of degeneration {unknown}
 w - a potion of attraction {unknown}


   Skills:
 - Level 3.0 Fighting
 + Level 3.9 Dodging
 + Level 4.8 Unarmed Combat
 + Level 4.6 Shapeshifting


You had 5 spell levels left.
You didn't know any spells.
Your spell library contained the following spells:

 Spells                   Type           Power      Damage    Failure   Level
 Fugue of the Fallen      Necr           0%         N/A       77%         3
 Ozocubu's Armour         Ice            0%         N/A       77%         3
 Manifold Assault         Tloc           0%         N/A       99%         4


Dungeon Overview and Level Annotations

Branches:
Dungeon (4/15)             Temple (0/1) D:4

Altars:
Ru

Shops:
D:2 ?


Innate Abilities, Weirdness & Mutations

Your plain brown scales are hard. (AC +6)
You cannot fit into any form of body armour.
You are cold-blooded and may be slowed by cold attacks.
You have a pair of small horns on your head.
You are dopey. (Int -2)


Message History

The jackal bites you but does no damage.
Duvessa is engulfed in blazing flames.
Flame seeps out of Duvessa.
Duvessa hits you with a +0 short sword.
You hit Duvessa.
Flame seeps out of Duvessa.
Duvessa is severely wounded.
The jackal bites you but does no damage.
Duvessa is engulfed in blazing flames.
Flame seeps out of Duvessa.
Duvessa barely misses you.
You barely miss Duvessa.
Duvessa is severely wounded.
Duvessa is engulfed in blazing flames.
Flame seeps out of Duvessa.
Duvessa hits you but does no damage.
The jackal bites you but does no damage. x2
Duvessa is engulfed in blazing flames.
Flame seeps out of Duvessa.
Duvessa hits you with a +0 short sword!
You closely miss Duvessa.
You tail-slap Duvessa, but do no damage.
Duvessa is almost dead.
Duvessa hits you with a +0 short sword!
* * * LOW HITPOINT WARNING * * *
The jackal misses you.
You feel better. Duvessa hits you but does no damage.
The jackal bites you but does no damage.
You barely miss Duvessa.
Duvessa is almost dead.
Duvessa hits you with a +0 short sword.
The jackal bites you but does no damage.
Duvessa barely misses you.
You hit Duvessa.
Flame seeps out of Duvessa.
Duvessa is almost dead.
The jackal bites you but does no damage.
Duvessa is engulfed in blazing flames.
Duvessa explodes!
The fiery explosion engulfs you! You resist.
* * * LOW HITPOINT WARNING * * *
The fiery explosion engulfs the jackal!!
The jackal explodes!
The fiery explosion engulfs you! You resist.
You die...
Ru respects your ultimate sacrifice.

...# ##.....##....# ##.# #....
#.......##...# ...# #....
#.......##.#.. .### #.....
#.......##.#.# †#### #....
##.....###.).. )...## #...
##)).##.....#
..#..##+#######'#######'##..#####
...............§○§§.............)
...#...........§@§.........######
..## ...?.......§§§........# ...#
#+ ######'#######'#### ...# #...#
##...## ...# #...eh###.....##
...# #.......#.......# ...#
#.......#.......# ## ...#
#$..$...#.......# #. ...#
##.....###.....## ###.


There were no monsters in sight!

Vanquished Creatures
  Duvessa (D:4)
  A scorpion (D:4)
  Dowan (D:4)
  2 bombardier beetles
  Crazy Yiuf (D:2)
  An iguana (D:4)
  Natasha (twice) (D:2)
  2 orc wizards (D:3)
  3 gnolls (D:2)
  4 adders
  A ribbon worm (D:2)
  3 orcs (D:3)
  14 endoplasms
  2 giant cockroaches (D:2)
  8 goblins
  7 hobgoblins
  4 jackals (D:4)
  4 quokkas
  10 ball pythons
  6 bats
  3 frilled lizards
  10 kobolds
  5 rats
95 creatures vanquished.

Notes
Turn   | Place    | Note
-------+----------+-------------------------------------------
     0 | D:1      | Hubris850 the Draconian Shapeshifter began the quest for
                  | the Orb.
     0 | D:1      | Reached XP level 1. HP: 16/16 MP: 1/1
    70 | D:1      | Reached XP level 2. HP: 20/23 MP: 2/2
   412 | D:1      | Reached XP level 3. HP: 29/29 MP: 3/3
   833 | D:2      | Gained mutation: You are dopey. (Int -2) [potion of
                  | mutation]
   833 | D:2      | Gained mutation: You have a pair of small horns on your
                  | head. [potion of mutation]
   993 | D:2      | Found a runed translucent door.
   994 | D:2      | Noticed Crazy Yiuf
  1175 | D:2      | Noticed Natasha
  1181 | D:2      | Reached XP level 4. HP: 36/37 MP: 4/4
  1185 | D:2      | Killed Natasha
  1309 | D:2      | Noticed Natasha
  1317 | D:2      | Killed Natasha
  1419 | D:2      | Reached XP level 5. HP: 34/44 MP: 5/5
  1696 | D:2      | Found Lussiku's Magic Scroll Boutique.
  1798 | D:2      | Killed Crazy Yiuf
  2192 | D:3      | Found a sacrificial altar of Ru.
  2229 | D:3      | Became a worshipper of Ru the Awakened
  2251 | D:3      | Reached XP level 6. HP: 51/51 MP: 6/6
  2398 | D:3      | Identified a scroll of acquirement
  2398 | D:3      | Acquired 725 gold pieces
  3037 | D:4      | Found a staircase to the Ecumenical Temple.
  3228 | D:4      | Noticed Duvessa
  3229 | D:4      | Noticed Dowan
  3371 | D:4      | Killed Dowan
  3443 | D:4      | Killed Duvessa
  3443 | D:4      | Killed by an exploding jackal... ignited by their inner
                  | flame

Illustrated notes

Levels and vault maps discovered:
D:1:      dpeg_arrival_windows_large_door, layout_loops_ring, minmay_quantized
D:2:      layout_basic, serial_shops, nicolae_shop_tiny_glass,
          uniq_crazy_yiuf_cottage, uniq_natasha
D:3:      layout_basic, nicolae_ru_awakened_eye
D:4:      kennysheep_six_static_rooms, layout_basic, minmay_temple_entry_ruins,
          dreamdust_wishing_well, dk_vineyard_3, uniq_duvessa

Skill      XL: |  1  2  3  4  5 |
---------------+----------------+-----
Dodging        | 2 3 |  3.9
Fighting       | 2 3 |  3.0
Unarmed Combat | 4 |  4.8
Shapeshifting  | 4 |  4.6

Action                     |  1- 3 |  4- 6 || total
---------------------------+-------+-------++-------
  Melee: Unarmed           |    99 |   204 ||   303
         Tailslap          |    10 |    22 ||    32
         Punch             |     2 |     5 ||     7
         Headbutt          |     2 |    34 ||    36
Ability: Begin Untransform |       |     1 ||     1
  Evoke: Wand              |     1 |     1 ||     2
    Use: Scroll            |     6 |     5 ||    11
         Potion            |     4 |     2 ||     6
 Armour: Skin              |    58 |   135 ||   193
  Dodge: Dodged            |    51 |   114 ||   165
         Form:             |       |     1 ||     1
         Beast             |       |     1 ||     1

Table legend: (Time is in decaauts)
 A = Elapsed time spent in this place.
 B = Non-inter-level travel time spent in this place.
 C = Inter-level travel time spent in this place.
 D = Time resting spent in this place.
 E = Time spent auto-exploring this place.
 F = Levels seen in this place.
 G = Mean time per level.
                   A        B        C        D        E       F      G
               +--------+--------+--------+--------+--------+-----+--------+
         Total |   3436 |   3368 |     68 |    417 |   2147 |   4 |  859.0 |
       Dungeon |   3436 |   3368 |     68 |    417 |   2147 |   4 |  859.0 |
               +--------+--------+--------+--------+--------+-----+--------+

Top non-repeatable levels by time:
     D:2: 1229 daAuts
     D:4: 869 daAuts
     D:1: 737 daAuts
     D:3: 600 daAuts
